 Dungeon Crawl Stone Soup version 0.17-a0-1923-gc35365e (webtiles) character file.

11628 graki42 the Cleaver (level 11, -5/104 HPs)
             Began as a Minotaur Berserker on Sept 28, 2015.
             Was a High Priest of Trog.
             Slain by a red ugly thing (21 damage)
             ... on level 11 of the Dungeon.
             The game lasted 00:30:56 (8311 turns).

graki42 the Cleaver (Minotaur Berserker)            Turns: 8311, Time: 00:30:56

Health: -5/104     AC: 17    Str: 25    XL:     11   Next: 51%
Magic:  10/10      EV:  8    Int:  4    God:    Trog [*****.]
Gold:   581        SH:  0    Dex: 10    Spells: 0 memorised, 10 levels left

rFire  . . .     SeeInvis .     G - +11 executioner's axe "Suomoesm" {chop, *Contam rC+ rN+}
rCold  + . .     Clarity  .     y - +0 plate armour
rNeg   + . .     SustAt   .     (no shield)
rPois  .         Gourm    .     (helmet restricted)
rElec  .         Spirit   .     (no cloak)
rCorr  .         Warding  .     (no gloves)
rMut   .         Rnd*Tele +     v - +1 pair of boots
MR     +....                    (no amulet)
Stlth  ..........               m - ring of protection from magic
                                t - ring of teleportation (curse)

@: somewhat resistant to hostile enchantments, extremely unstealthy
A: retaliatory headbutt, horns 2, mutation resistance 1
a: Burn Spellbooks, Berserk, Trog's Hand, Brothers in Arms, Renounce Religion,
Evoke Teleportation


You were on level 11 of the Dungeon.
You worshipped Trog.
Trog was extremely pleased with you.
You were very hungry.

You visited 1 branch of the dungeon, and saw 11 of its levels.
You also visited: Sewer.

You collected 581 gold pieces.

Inventory:

Hand weapons
 s - a +2 hand axe of flaming
 G - the +11 executioner's axe "Suomoesm" (weapon) {chop, *Contam rC+ rN+}
   (Trog gifted it to you on level 11 of the Dungeon)

   It inflicts extra damage upon your enemies.
   It protects you from cold.
   It protects you from negative energy.
   It causes magical contamination when unequipped.
Armour
 v - a +1 pair of boots (worn)
 y - a +0 plate armour (worn)
Jewellery
 m - a ring of protection from magic (right hand)
 o - an uncursed ring of ice
 t - a cursed ring of teleportation (left hand)
Magical devices
 a - a wand of magic darts (23)
 k - a wand of frost (43)
 p - a wand of draining (7)
Scrolls
 e - a scroll of enchant armour
 g - 5 scrolls of fog
 h - 7 scrolls of remove curse
 j - 3 scrolls of magic mapping
 l - 6 scrolls of identify
 n - 2 scrolls of teleportation
 u - a scroll of blinking
 x - a scroll of enchant weapon
 E - a scroll of summoning {unknown}
Potions
 q - a potion of lignification {unknown}
 r - 9 potions of curing
 z - a potion of resistance
 A - 2 potions of agility
 C - 2 potions of might
 D - a potion of cancellation {unknown}
Books
 b - a Fen Folio

   Spells                             Type                      Level
   a - Corpse Rot                     Necromancy                   2
   b - Stone Arrow                    Conjuration/Earth            3
   c - Leda's Liquefaction            Hexes/Earth                  4
   d - Summon Forest                  Summoning/Translocation      5
   e - Hydra Form                     Transmutation                6
   f - Summon Hydra                   Summoning                    7
   Trog disapproves of the use of such an item.
 B - a book of Death

   Spells                             Type                      Level
   a - Corpse Rot                     Necromancy                   2
   b - Sublimation of Blood           Necromancy                   2
   c - Agony                          Necromancy                   5
   d - Dispel Undead                  Necromancy                   5
   e - Excruciating Wounds            Charms/Necromancy            5
   f - Bolt of Draining               Conjuration/Necromancy       5
   Trog disapproves of the use of such an item.
Comestibles
 c - 8 bread rations
 d - 14 fruits
 f - 8 slices of pizza
 i - 5 beef jerkies
 w - 13 meat rations


   Skills:
 + Level 12.1 Fighting
 + Level 14.0 Axes
 + Level 11.9 Armour
 - Level 3.1 Dodging


You had 10 spell levels left.
You didn't know any spells.

Dungeon Overview and Level Annotations

Branches:
Dungeon (11/15)            Temple (0/1) D:5            Lair (0/8) D:9
    Orc: D:9-12

Altars:
Dithmenos
Makhleb
Nemelex Xobeh
Sif Muna
Trog
The Shining One

Shops:
D:6 !   D:7 %[(%   D:8 ?=*


Innate Abilities, Weirdness & Mutations

You reflexively headbutt those who attack you in melee.
You have a pair of horns on your head.
You are somewhat resistant to further mutation.


Message History

You are feeling very hungry.
The red ugly thing claws you.
You are engulfed in flames!!
You slice the hungry ghost!!
You destroy the hungry ghost!
Your plate armour prevents you from hitting the red ugly thing.
The red ugly thing claws you.
You are engulfed in flames!!
You completely miss the red ugly thing.
Your headbutt misses the red ugly thing.
The red ugly thing claws you but does no damage.
You carve the red ugly thing like a ham!!!
The red ugly thing is severely wounded.
The red ugly thing claws you.
You are engulfed in flames!
* * * LOW HITPOINT WARNING * * *
The red ugly thing barely misses you.
You slash the red ugly thing!
The red ugly thing is almost dead.
The red ugly thing claws you!
* * * LOW HITPOINT WARNING * * *
You are engulfed in flames!!
You die...

###.#### #.### #...#
###.## #..# #######
##.# ....... ######'###
....... ..........#
####....... .......^..#
#..@.......
..........###.##u......
..........'...# .......
..........##### .....(.
###+####### ###.### .#
# ####+######


You could see a red ugly thing.

Vanquished Creatures
  2 hydras
  A hill giant (D:11)
  An unseen horror (D:10)
  2 ugly things (D:11)
  The ghost of hexophile the Chopper, an experienced CeBe of Trog (D:4)
  3 trolls
  A trapdoor spider (D:11)
  6 yaks
  A deep elf mage (D:9)
  2 hungry ghosts (D:11)
  2 hippogriffs
  Menkaure (D:4)
  A necrophage (D:6)
  4 ogres
  3 ice beasts
  9 orc warriors (D:11)
  2 sky beasts (D:6)
  2 black bears
  A centaur (D:6)
  4 phantoms
  8 big kobolds
  A gnoll sergeant (D:9)
  5 giant frogs
  3 scorpions
  3 killer bees (D:10)
  5 orc wizards
  7 crimson imps
  4 jellies
  A quasit (D:11)
  7 hounds
  2 centaur skeletons
  5 orc priests (D:11)
  4 giant frog skeletons
  Natasha (D:4)
  2 sheep (D:9)
  8 worker ants
  A killer bee zombie (D:10)
  A hound skeleton (D:4)
  A worker ant zombie (D:8)
  Robin (D:4)
  10 adders
  9 gnolls
  2 shadow imps (D:6)
  4 river rats
  2 oozes
  5 worms
  9 giant geckos
  43 orcs
  6 bats
  13 goblins
  9 hobgoblins
  10 jackals
  18 kobolds
  4 quokkas
  3 ball pythons
  8 giant cockroaches
  3 giant newts
  17 rats
  A plant (D:9)
295 creatures vanquished.

Vanquished Creatures (collateral kills)
  An orc priest (D:11)
  An orc wizard (D:11)
  An orc (D:11)
3 creatures vanquished.

Grand Total: 298 creatures vanquished

Notes
Turn   | Place    | Note
--------------------------------------------------------------
     0 | D:1      | graki42 the Minotaur Berserker began the quest for the Orb.
     0 | D:1      | Reached XP level 1. HP: 19/19 MP: 0/0
   145 | D:1      | Reached skill level 4 in Fighting
   245 | D:1      | Reached XP level 2. HP: 14/27 MP: 1/1
   566 | D:2      | Reached XP level 3. HP: 24/34 MP: 2/2
   582 | D:2      | Acquired Trog's second power
   707 | D:2      | Found a faded altar to an unknown god.
  1246 | D:3      | Reached XP level 4. HP: 36/41 MP: 3/3
  1451 | D:3      | Reached skill level 5 in Axes
  1599 | D:4      | Reached skill level 5 in Fighting
  1606 | D:4      | Noticed Robin
  1607 | D:4      | Reached XP level 5. HP: 43/48 MP: 4/4
  1612 | D:4      | Noticed Menkaure
  1617 | D:4      | Killed Robin
  1620 | D:4      | Killed Menkaure
  1620 | D:4      | Reached skill level 6 in Fighting
  1620 | D:4      | Reached XP level 6. HP: 13/57 MP: 5/5
  1654 | D:4      | Got a slimy bone ring
  1656 | D:4      | Identified the ring "Pirir" {*Confuse Int+8 Stlth-} (You found it on level 4 of the Dungeon)
  1759 | D:4      | Noticed a phantom
  1764 | D:4      | Killed a phantom
  1768 | D:4      | Found a glowing golden altar of the Shining One.
  1770 | D:4      | Noticed hexophile's ghost (experienced CeBe)
  1797 | D:4      | Found a sparkling altar of Nemelex Xobeh.
  1797 | D:4      | Found a shadowy altar of Dithmenos.
  1797 | D:4      | Found a deep blue altar of Sif Muna.
  1797 | D:4      | Found a burning altar of Makhleb.
  1798 | D:4      | Found a bloodstained altar of Trog.
  1808 | D:4      | Killed hexophile's ghost
  1808 | D:4      | Reached skill level 7 in Fighting
  1808 | D:4      | Reached XP level 7. HP: 66/66 MP: 6/6
  2361 | D:4      | Noticed Natasha
  2365 | D:4      | Killed Natasha
  2499 | D:5      | Entered Level 5 of the Dungeon
  2509 | D:5      | Acquired Trog's third power
  2534 | D:5      | Reached skill level 8 in Fighting
  2534 | D:5      | Reached skill level 5 in Armour
  2571 | D:5      | Found a glowing drain.
  2578 | D:5      | Reached XP level 8. HP: 72/74 MP: 7/7
  2600 | Sewer    | Entered a sewer
  3086 | D:5      | Found a staircase to the Ecumenical Temple.
  3383 | D:6      | Reached skill level 9 in Axes
  3448 | D:6      | Reached XP level 9. HP: 83/83 MP: 8/8
  3747 | D:6      | Found Vuklacwyo's Distillery.
  3772 | D:6      | Gained mutation: You are somewhat resistant to further mutation. [potion of beneficial mutation]
  3930 | D:7      | Found Wuquy's Armour Shoppe.
  3986 | D:7      | Found Kafrucih's Weapon Boutique.
  4041 | D:7      | Found Amapnoes's Food Shoppe.
  4237 | D:7      | Found Hiutwa Rufar's Food Shoppe.
  4392 | D:7      | Reached skill level 10 in Axes
  4643 | D:8      | Found Decela's General Store.
  4647 | D:8      | Received a gift from Trog
  5132 | D:8      | Found Neralisoips's Magic Scroll Boutique.
  5204 | D:8      | Found Usudet's Jewellery Boutique.
  5718 | D:9      | Reached skill level 10 in Fighting
  5720 | D:9      | Reached skill level 11 in Axes
  5725 | D:9      | Found a staircase to the Lair.
  5834 | D:9      | Reached XP level 10. HP: 62/93 MP: 3/9
  6107 | D:9      | Reached skill level 10 in Armour
  6131 | D:9      | Noticed a three-headed hydra
  6138 | D:9      | Killed a one-headed hydra
  6138 | D:9      | Reached skill level 12 in Axes
  6292 | D:10     | Entered Level 10 of the Dungeon
  6717 | D:10     | Killed an unseen horror
  6717 | D:10     | Reached skill level 13 in Axes
  7253 | D:11     | Noticed a hill giant
  7259 | D:11     | Killed a hill giant
  7259 | D:11     | Reached XP level 11. HP: 102/102 MP: 3/10
  7299 | D:11     | Noticed a cyan ugly thing
  7305 | D:11     | Killed a cyan ugly thing
  7336 | D:11     | HP: 5/102 [orc warrior/glaive (14)]
  7850 | D:11     | Received a gift from Trog
  7861 | D:11     | Got a warped executioner's axe {god gift}
  7867 | D:11     | Identified the +11 executioner's axe "Suomoesm" {chop, *Contam rC+ rN+} (Trog gifted it to you on level 11 of the Dungeon)
  8031 | D:11     | Noticed a seven-headed hydra
  8040 | D:11     | Killed a four-headed hydra
  8050 | D:11     | Noticed a brown ugly thing
  8057 | D:11     | Killed a brown ugly thing
  8249 | D:11     | Reached skill level 14 in Axes
  8305 | D:11     | Noticed a red ugly thing
  8311 | D:11     | Slain by a red ugly thing

Vault maps used:
D:1:      dpeg_arrival_orchard, item_on_display_a
D:2:      nicolae_overflow_hidden_temple, ecumenical_altar_1
D:3:      first_bread
D:4:      grunt_temple_overflow_open, uniq_natasha, uniq_robin, uniq_menkaure
D:5:      minmay_temple_entry_large_hall, portal_sewer_entry_c
D:6:      serial_shops, shop
D:7:      serial_shops, shop, nicolae_shop_waterfront, shop,
          nicolae_shop_window_shopping
D:8:      serial_shops, shop, kennysheep_mini_moat, shop, minmay_misc_feat_iff
D:9:      minmay_klotski, lair_0_dummy, hangedman_ranch, kennysheep_flooded_box
D:10:     kennysheep_generic_room_5
Sewer:    sewer_kobold_necro_badplayer

Action                   |  1- 3 |  4- 6 |  7- 9 | 10-12 || total
-------------------------+-------+-------+-------+-------++-------
Melee: Hand axe          |   101 |    69 |   258 |     9 ||   437
       Broad axe         |       |       |    61 |   124 ||   185
       Executioner's axe |       |       |       |    20 ||    20
       Battleaxe         |       |       |       |    18 ||    18
Invok: Berserk           |       |     3 |     4 |     2 ||     9
       Trog's Hand       |       |     1 |       |     1 ||     2
       Brothers in Arms  |       |       |       |     1 ||     1
  Use: Scroll            |       |       |    16 |       ||    16
       Potion            |       |       |     1 |     1 ||     2
  Eat: Chunk             |     1 |     4 |    18 |    11 ||    34
       Fruit             |       |       |       |     2 ||     2
